 Dungeon Crawl Stone Soup version 0.30.0-16-gbe6223bb7e (webtiles) character file.

Game seed: 9972772493848628103

867 grizmgrazm2 the Sneak (level 7, 0/38 HPs)
             Began as a Vampire Earth Elementalist on May 20, 2023.
             Was a Follower of Ashenzari.
             Slain by a gnoll
             ... wielding a +0 club
             ... led by a gnoll bouda
              (3 damage)
             ... on level 5 of the Dungeon.
             The game lasted 00:12:12 (4855 turns).

grizmgrazm2 the Sneak (Vampire Earth Elementalist)  Turns: 4855, Time: 00:12:13

Health: 0/38       AC:  6    Str:  6 (7)  XL:     7   Next: 73%
Magic:  14/14      EV: 13    Int: 18      God:    Ashenzari [*.....]
Gold:   272        SH:  0    Dex: 14      Spells: 3/15 levels left

rFire   . . .        k - +2 dagger "Behold Eternity" {vamp, Range, Self} (curse)
rCold   + + .        (no shield)
rNeg    + + +        a - +1 robe
rPois   ∞            (no helmet)
rElec   +            (no cloak)
rCorr   .            c - +1 pair of gloves
SInv    +            h - +0 pair of boots "Shattered With Me" {Evo, Elem} (curse)
Will    .....        (no amulet)
Stlth   +++++        (no ring)
HPRegen 0.00/turn    (no ring)
MPRegen 0.14/turn

%: no passive effects
@: about to teleport, bloodless, inhibited regen
A: bloodless, fangs 3, see invisible, vampiric 2, dopey 1, electricity
resistance
a: Bat Form, Revivify, Renounce Religion, Shatter the Chains


You were on level 5 of the Dungeon.
You worshipped Ashenzari.
Ashenzari was aware of your devotion.
You visited 2 branches of the dungeon, and saw 6 of its levels.

You collected 272 gold pieces.

Inventory:

Hand Weapons
 e - a +0 rapier of flaming
 k - the cursed +2 dagger "Behold Eternity" (weapon) {vamp, Range, Self}
   (You found it on level 2 of the Dungeon)

   It has a curse which improves the following skills: Ranged Combat: Ranged
   Weapons and Throwing.
   Introspection: Fighting and Spellcasting.
Armour
 a - a +1 robe (worn)
 c - a +1 pair of gloves (worn)
 h - the cursed +0 pair of boots "Shattered With Me" (worn) {Evo, Elem}
   (You found it on level 2 of the Dungeon)

   It has a curse which improves the following skills: Evocations: Evocations.
   Elements:  Fire Magic, Ice Magic, Air Magic and Earth Magic.
Wands
 l - a wand of digging (8)
 q - a wand of charming (11)
Scrolls
 g - 3 scrolls of identify
 m - 2 scrolls of teleportation
 n - a scroll of fear
 o - a scroll of silence
 p - a scroll of butterflies
 s - a scroll of brand weapon
Potions
 b - 2 potions of magic
 d - 6 potions of curing
 f - a potion of berserk rage
 i - a potion of ambrosia
 j - a potion of flight
 r - a potion of resistance
 t - a potion of heal wounds


   Skills:
 + Level 0.6(1.0) Fighting
 + Level 2.0 Short Blades
 + Level 3.3 Dodging
 + Level 5.8 Stealth
 + Level 4.1(4.8) Spellcasting
 * Level 2.8 Necromancy
 * Level 2.2 Translocations
 * Level 3.4 Transmutations
 + Level 4.3(5.0) Earth Magic


You had 3 spell levels left.
You knew the following spells:

 Your Spells              Type           Power      Damage    Failure   Level
a - Sandblast             Erth           44%        2d11      1%          1
b - Vampiric Draining     Necr           14%        2d7       13%         3
c - Passwall              Tmut/Erth      15%        N/A       3%          2
d - Blink                 Tloc           24%        N/A       9%          2
e - Petrify               Tmut/Erth      19%        N/A       22%         4

Your spell library contained the following spells:

 Spells                   Type           Power      Damage    Failure   Level
 Beastly Appendage        Tmut           32%        N/A       3%          1
 Necrotise                Necr           56%        1d6       4%          1
 Wereblood                Tmut           16%        N/A       4%          2
 Lesser Beckoning         Tloc           24%        N/A       9%          2
 Momentum Strike          Conj/Tloc      16%        3d8       13%         2
 Stone Arrow              Conj/Erth      26%        3d8       14%         3
 Spider Form              Tmut/Pois      10%        N/A       21%         3
 Animate Armour           Summ/Erth      26%        N/A       43%         4
 Agony                    Necr           14%        N/A       75%         5
 Lehudib's Crystal Spear  Conj/Erth      6%         10d3      100%        8


Dungeon Overview and Level Annotations

Branches:
Dungeon (5/15)             Temple (1/1) D:4

Altars:
Ashenzari
Cheibriados
Fedhas
Gozag
Hepliaklqana
Kikubaaqudgha
Nemelex Xobeh
Qazlal
Sif Muna
Trog
Yredelemnul


Innate Abilities, Weirdness & Mutations

You do not regenerate when monsters are visible.
You are frail without blood (-20% HP).
You can heal yourself when you bite living creatures.
You are immune to poison.
You have razor-sharp teeth.
You have supernaturally acute eyesight. (SInv)
You are afflicted with vampirism and can become a bat while bloodless.
You are dopey. (Int -2)
You are resistant to electric shocks. (rElec)


Message History

A gnoll bouda and 2 gnolls come into view.
A gnoll comes into view. It is wielding a +0 halberd.
The helpless gnoll fails to defend itself.
You bite the gnoll, and draw its blood! You impale the gnoll!!
You kill the gnoll!
The gnoll bouda shouts!
The gnoll shouts! x3
The gnoll attacks as you move away! The gnoll hits you with a +0 flail!
The gnoll bouda barks out a call to the hunt!
The gnolls pick up the pace!
The gnoll barely misses you.
You open the door. The gnoll barely misses you.
Found a leather armour.
The gnoll misses you.
There is an open door here.
The gnoll barely misses you. The gnoll hits you but does no damage.
As you open the door, it creaks loudly!
You hear an angry hiss.
The gnoll closely misses you.
An iguana comes into view.
The gnoll hits you with a +0 flail!
Ashenzari invites you to partake of a vision and a curse of evocations and elements.
There is an open door here.
Your +0 pair of boots glows black for a moment.
Ashenzari will now identify your possessions.
n - a scroll of fear;
r - a potion of resistance;
t - a potion of heal wounds The gnoll closely misses you.
The gnoll misses you. The gnoll hits you with a +0 flail.
As you read the scroll of teleportation, it crumbles to dust.
You feel strangely unstable. The gnoll closely misses you.
The gnoll hits you with a +0 whip. The gnoll hits you with a +0 flail.
* * * LOW HITPOINT WARNING * * *
The gnoll attacks as you move away! The gnoll barely misses you.
Your surroundings suddenly seem different.
As you read the scroll of teleportation, it crumbles to dust.
You feel strangely unstable.
The gnoll is no longer moving quickly. x2
The gnoll is no longer moving quickly.
The gnoll attacks as you move away! The gnoll misses you.
The gnoll hits you with a +0 club.
* * * LOW HITPOINT WARNING * * *
The gnoll attacks as you move away! The gnoll hits you with a +0 club.
You die...

.#+###........#######............
.................................
.................................
≈§≈≈≈≈§..............######......
§≈§≈≈≈§..............'..>.##'####
≈≈....§..#...........#...........
§§...................#...........
≈≈..♣♣♣♣.#####.......#...........
§≈..♣....## #..@....#...........
≈≈..♣._...# #..g....#...(##.....
....♣.....####.......#....##.....
..............g......#....#......
#..####..+....g......#....#......
.........#..g...g....#....#......
.....#####...........#....#......
######...............#....#......
#....................#.)..#......


You could see a gnoll bouda and 4 gnolls.

Vanquished Creatures
  Sigmund (D:2)
  A sky beast (D:5)
  An ice beast (D:5)
  2 scorpions (D:4)
  A hound (D:5)
  A gnoll bouda (D:4)
  An orc priest (D:4)
  A hound zombie (D:2)
  Robin (D:3)
  8 gnolls
  9 adders
  An ufetubus (D:2)
  3 adder zombies (D:2)
  An adder skeleton (D:2)
  A worm (D:3)
  2 dart slugs (D:2)
  6 orcs
  10 ball pythons
  A bat skeleton (D:2)
  10 endoplasms
  5 giant cockroaches
  10 goblins
  8 hobgoblins
  2 jackals (D:2)
  2 quokkas
  A ball python skeleton (D:2)
  A ball python zombie (D:2)
  4 bats
  4 frilled lizards
  11 kobolds
  2 quokka zombies (D:2)
  3 rats
115 creatures vanquished.

Vanquished Creatures (others)
  An endoplasm (D:2)
1 creature vanquished.

Grand Total: 116 creatures vanquished

Notes
Turn   | Place    | Note
-------+----------+-------------------------------------------
     0 | D:1      | grizmgrazm2 the Vampire Earth Elementalist began the quest
                  | for the Orb.
     0 | D:1      | Reached XP level 1. HP: 13/13 MP: 3/3
    79 | D:1      | Found a faded altar of an unknown god.
   178 | D:1      | Reached XP level 2. HP: 15/15 MP: 3/5
   593 | D:1      | Gained mutation: You are afflicted with vampirism and can
                  | become a bat while bloodless. [Vampire growth]
   593 | D:1      | Reached XP level 3. HP: 19/19 MP: 6/6
   669 | D:1      | Learned a level 3 spell: Vampiric Draining
   672 | D:1      | Learned a level 2 spell: Passwall
   696 | D:2      | Noticed Sigmund
   872 | D:3      | Reached skill level 4 in Stealth
  1139 | D:3      | Noticed Robin
  1455 | D:3      | Gained mutation: You are dopey. (Int -2) [potion of
                  | mutation]
  1455 | D:3      | Gained mutation: You are resistant to electric shocks.
                  | (rElec) [potion of mutation]
  1603 | D:3      | Reached XP level 4. HP: 24/24 MP: 8/8
  1608 | D:3      | Learned a level 2 spell: Blink
  1710 | D:3      | Found an ancient bone altar of Kikubaaqudgha.
  1974 | D:3      | Killed Robin
  2277 | D:4      | Noticed a scorpion
  2288 | D:4      | Killed a scorpion
  2289 | D:4      | Reached skill level 5 in Stealth
  2289 | D:4      | Reached XP level 5. HP: 9/28 MP: 4/9
  2482 | D:4      | Reached skill level 1 in Necromancy
  2906 | D:4      | Reached skill level 1 in Translocations
  2906 | D:4      | Reached XP level 6. HP: 31/33 MP: 7/11
  3054 | D:4      | Found a staircase to the Ecumenical Temple.
  3059 | Temple   | Entered the Ecumenical Temple
  3113 | Temple   | Became a worshipper of Ashenzari the Shackled
  3252 | D:5      | Entered Level 5 of the Dungeon
  3256 | D:5      | Reached skill level 1 in Short Blades
  3907 | D:2      | Killed Sigmund
  3908 | D:2      | Reached XP level 7. HP: 25/37 MP: 5/12
  4523 | D:5      | Found a basalt altar of Yredelemnul.
  4595 | D:5      | Learned a level 4 spell: Petrify
  4845 | D:5      | Reached * piety under Ashenzari
  4855 | D:5      | Slain by a gnoll

Illustrated notes

Levels and vault maps discovered:
D:1:      amcnicky_arrival_flooded_fountain, layout_rooms,
          ebering_ecumenical_altar_petrified
D:2:      layout_rooms, serial_undead, serial_undead_c, serial_undead_d,
          serial_undead_c, serial_undead_e, serial_undead_d, serial_undead_b,
          lemuel_flame_loot_1, uniq_sigmund
D:3:      layout_basic, old_standard_altar, uniq_robin
D:4:      layout_loops_ring, mainiacjoe_overflow_alcove_1, temple_doors_e
D:5:      layout_gridville, mainiacjoe_overflow_chevrons,
          mainiacjoe_overflow_big_doors, serial_shops, shop
Temple:   nicolae_temple_bog_church

Skill      XL: |  1  2  3  4  5  6  7 |
---------------+----------------------+-----
Stealth        | 4 5 |  5.8
Spellcasting   | 3 4 |  4.1
Necromancy     | 1 2 |  2.8
Transmutations | 2 3 |  3.4
Translocations | 1 2 |  2.2
Short Blades   | 1 2 |  2.0
Dodging        | 3 |  3.3
Earth Magic    | 4 |  4.3
Fighting       | |  0.6

Action                     |  1- 3 |  4- 6 |  7- 9 || total
---------------------------+-------+-------+-------++-------
  Melee: Rapier            |    24 |    99 |    18 ||   141
         Bite              |     2 |     7 |     6 ||    15
         Dagger            |       |       |    15 ||    15
   Cast: Sandblast         |    24 |    62 |    14 ||   100
         Vampiric Draining |       |     3 |     1 ||     4
 Invoke: Curse Item        |       |       |     2 ||     2
Ability: Exsanguinate      |     1 |       |       ||     1
    Use: Scroll            |     9 |     3 |     5 ||    17
         Potion            |     2 |     5 |     3 ||    10
   Stab: Sleeping          |    20 |    12 |     6 ||    38
         Distracted        |       |     2 |       ||     2
         Invisible         |       |       |     2 ||     2
 Armour: Robe              |     6 |    56 |    11 ||    73
  Dodge: Dodged            |    27 |   123 |    39 ||   189
